 Dungeon Crawl Stone Soup version 0.31-a0-1074-g0b22e4e0f1 (webtiles) character file.

Game seed: 11472516789264288182

997 DApurpleWHUMPUS the Thaumaturge (level 7, -1/36 HPs)
             Began as a Deep Elf Air Elementalist on Nov 27, 2023.
             Was a Follower of Vehumet.
             Slain by a killer bee (3 damage)
             ... on level 6 of the Dungeon.
             The game lasted 00:10:28 (5648 turns).

DApurpleWHUMPUS the Thaumaturge (DEAE)              Turns: 5648, Time: 00:10:29

Health: -1/36      AC:  2    Str: 10    XL:     7   Next: 99%
Magic:  14/20      EV: 13    Int: 26    God:    Vehumet [*.....]
Gold:   230        SH:  0    Dex: 20    Spells: 12/22 levels left

rFire   . . .        m - +4 mace of Moral Flaws {venom, *Rage rPois Str+5 Dex+3}
rCold   . . .        (no shield)
rNeg    . . .        a - +0 robe
rPois   +            w - +0 hat
rElec   .            (no cloak)
rCorr   .            (no gloves)
SInv    .            (no boots)
Will    .....        (no amulet)
Stlth   ++           k - +6 ring of intelligence
HPRegen 0.26/turn    l - ring of poison resistance
MPRegen 0.17/turn

%: random rage (20%)
@: no status effects
A: no striking features
a: Renounce Religion


You were on level 6 of the Dungeon.
You worshipped Vehumet.
Vehumet was aware of your devotion.
You visited 2 branches of the dungeon, and saw 7 of its levels.

You collected 230 gold pieces.

Inventory:

Hand Weapons
 m - the +4 mace of Moral Flaws (weapon) {venom, *Rage rPois Str+5 Dex+3}
   (You found it on level 2 of the Dungeon)

   Str+5:     It affects your strength (+5).
   Dex+3:     It affects your dexterity (+3).
   rPois:     It protects you from poison *Rage: It berserks you when you make
   melee attacks (+20% chance).
Armour
 a - a +0 robe (worn)
 w - a +0 hat (worn)
Jewellery
 k - a +6 ring of intelligence (left hand)
 l - a ring of poison resistance (right hand)
 s - a ring of protection from fire
 x - a ring of ice
Scrolls
 c - 2 scrolls of fear {unknown}
 d - a scroll of vulnerability {unknown}
 e - 5 scrolls of identify {unknown}
 f - a scroll of teleportation
 g - a scroll of summoning {unknown}
 i - a scroll of torment {unknown}
 t - a scroll of amnesia {unknown}
 u - 2 scrolls of blinking {unknown}
 v - a scroll of enchant weapon {unknown}
Potions
 b - a potion of magic
 h - 2 potions of haste {unknown}
 j - a potion of brilliance {unknown}
 n - a potion of mutation {unknown}
 o - 3 potions of curing {unknown}
 p - a potion of might {unknown}
 q - a potion of lignification {unknown}
 r - a potion of invisibility {unknown}
 z - a potion of heal wounds


   Skills:
 - Level 2.4 Dodging
 - Level 2.4 Stealth
 + Level 8.2 Spellcasting
 - Level 1.1 Conjurations
 * Level 4.1 Summonings
 + Level 6.6 Air Magic


You had 12 spell levels left.
You knew the following spells:

 Your Spells              Type           Power      Damage    Failure   Level
a - Shock                 Conj/Air       100%       1d9       1%          1
b - Swiftness             Air            45%        N/A       1%          3
c - Airstrike             Air            22%        2d(4-20)  3%          4
d - Call Imp              Summ           64%        N/A       1%          2

Your spell library contained the following spells:

 Spells                   Type           Power      Damage    Failure   Level
 Foxfire                  Conj/Fire      52%        2x1d6     4%          1
 Static Discharge         Conj/Air       60%        3-6/arc   1%          2
 Magic Dart               Conj           64%        1d6       3%          1
 Mephitic Cloud           Conj/Pois/Air  24%        N/A       6%          3
 Tukima's Dance           Hex            10%        N/A       17%         3
 Iskenderun's Mystic Bla  Conj/Tloc      13%        2d5       41%         4
 Cause Fear               Hex            5%         N/A       50%         4
 Dimensional Bullseye     Hex/Tloc       5%         N/A       50%         4
 Fireball                 Conj/Fire      6%         3d5       77%         5
 Dragon's Call            Summ           16%        N/A       100%        9


Dungeon Overview and Level Annotations

Branches:
Dungeon (6/15)             Temple (1/1) D:5

Altars:
Ashenzari
Cheibriados
Dithmenos
Elyvilon
Fedhas
Hepliaklqana
Kikubaaqudgha
Makhleb
Nemelex Xobeh
Okawaru
Ru
Sif Muna
Trog
Uskayaw
Vehumet
Wu Jian
Xom
Yredelemnul

Shops:
D:3 *


Message History

The killer bee barely misses your cerulean imp.
Your cerulean imp hits the killer bee but does no damage.
The killer bee stings your cerulean imp but does no damage.
The killer bee stings your cerulean imp but does no damage.
The killer bee stings your cerulean imp! x2
Your cerulean imp dies!
Your cerulean imp disappears in a puff of smoke!
Okay, then.
The zap misses the killer bee.
The zap hits the killer bee.
The killer bee is lightly wounded.
The killer bee stings you. The killer bee closely misses you.
The zap hits the killer bee.
The killer bee is lightly wounded.
The zap hits the killer bee.
The killer bee is heavily wounded.
The killer bee stings you. x2
The zap hits the killer bee.
The killer bee is moderately wounded.
The zap misses the killer bee.
The killer bee stings you. The killer bee closely misses you.
The zap hits the killer bee.
The killer bee is severely wounded.
The zap hits the killer bee.
The killer bee is severely wounded.
The killer bee stings you. x2
* * * LOW HITPOINT WARNING * * *
You are too injured to fight recklessly!
Casting: Shock (safe; 1% risk of failure)
Confirm with . or Enter, or press ? or * to list all spells.
Aiming: Shock (safe; 1% risk of failure)
Press: ? - help, Shift-Dir - straight line, f/p - killer bee
Aim: a killer bee (severely wounded, 48% to hit)
The zap hits the killer bee.
The killer bee is almost dead.
The zap hits the killer bee.
The killer bee is almost dead.
The killer bee stings you.
* * * LOW HITPOINT WARNING * * *
The killer bee stings you.
You die...

###.....######.##.
...............##.
#####.....#########. ..
#.....# #. #.
#.....#########. #.
#.............#. ####.
######........##
###....########........##
......yy@................
..#.###########........##
#........# ###########
#.......##.
####.#####.##. #.)).#
#.... #.########....
#.............


You could see 2 killer bees.

Vanquished Creatures
  Grinder (D:4)
  2 black bears (D:5)
  A phantom (D:5)
  2 bullfrogs (D:6)
  2 hounds (D:6)
  An orc priest (D:6)
  A jelly (D:4)
  A sleepcap (D:4)
  Jessica (D:2)
  Terence (D:2)
  An iguana (D:5)
  An orc wizard (D:4)
  9 adders
  A worm (D:2)
  3 dart slugs
  18 orcs
  3 endoplasms
  4 giant cockroaches
  2 goblins
  8 hobgoblins
  5 quokkas
  4 ball pythons
  4 bats
  2 frilled lizards (D:2)
  2 kobolds
  6 rats
86 creatures vanquished.

Notes
Turn   | Place    | Note
-------+----------+-------------------------------------------
     0 | D:1      | DApurpleWHUMPUS the Deep Elf Air Elementalist began the
                  | quest for the Orb.
     0 | D:1      | Reached XP level 1. HP: 10/10 MP: 6/6
   700 | D:1      | Reached XP level 2. HP: 15/15 MP: 5/8
  1454 | D:2      | Noticed Terence
  1543 | D:2      | Reached skill level 4 in Spellcasting
  1617 | D:2      | Reached XP level 3. HP: 13/19 MP: 3/10
  1891 | D:2      | Killed Terence
  1892 | D:2      | Reached XP level 4. HP: 24/24 MP: 5/12
  2034 | D:2      | Noticed Jessica
  2039 | D:2      | Killed Jessica
  2040 | D:2      | Reached skill level 5 in Spellcasting
  2309 | D:2      | Identified the +4 mace of Moral Flaws {venom, *Rage rPois
                  | Str+5 Dex+3}
  2770 | D:3      | Found Rean's General Store.
  2885 | D:3      | Found a basalt altar of Yredelemnul.
  3019 | D:3      | Found a radiant altar of Vehumet.
  3024 | D:3      | Became a worshipper of Vehumet
  3049 | D:3      | Reached XP level 5. HP: 28/28 MP: 11/14
  3615 | D:4      | Reached skill level 6 in Spellcasting
  3615 | D:4      | Reached skill level 5 in Air Magic
  3992 | D:4      | Noticed Grinder
  3998 | D:4      | Reached XP level 6. HP: 27/32 MP: 14/17
  4002 | D:4      | HP: 1/32 [Grinder (5)]
  4008 | D:4      | Paralysed by Grinder for 3 turns
  4013 | D:4      | Killed Grinder
  4014 | D:4      | Reached skill level 7 in Spellcasting
  4373 | D:4      | Learned a level 3 spell: Swiftness
  4378 | D:4      | Learned a level 4 spell: Airstrike
  4381 | D:4      | Learned a level 2 spell: Call Imp
  4392 | D:5      | Entered Level 5 of the Dungeon
  4402 | D:5      | Reached skill level 1 in Summonings
  4402 | D:5      | Reached XP level 7. HP: 32/36 MP: 11/20
  4575 | D:5      | Found a staircase to the Ecumenical Temple.
  4698 | Temple   | Entered the Ecumenical Temple
  4939 | D:5      | Found a hazy altar of Hepliaklqana.
  4939 | D:5      | Found an ornate altar of the Wu Jian Council.
  5238 | D:6      | Reached * piety under Vehumet
  5238 | D:6      | Offered knowledge of Foxfire by Vehumet.
  5239 | D:6      | Reached skill level 8 in Spellcasting
  5285 | D:6      | Found a broken altar of Ashenzari.
  5648 | D:6      | Slain by a killer bee

Illustrated notes

Levels and vault maps discovered:
D:1:      tarquinn_simple_flora_water_f, layout_loops_corners,
          corexii_corridor_pit
D:2:      layout_loops_ring, minmay_tromino_v2, uniq_terence, uniq_jessica
D:3:      layout_basic, mainiacjoe_overflow_alcove_4,
          mainiacjoe_overflow_surrounded_room, serial_shops, shop,
          dk_noncrumbling_2, grunt_decor_one_mirror
D:4:      layout_basic, nicolae_half_adder, uniq_grinder
D:5:      layout_cave_pools, nicolae_overflow_two_pavilions,
          lemuel_temple_firewalk_b
D:6:      nicolae_whirlpool, layout_basic, ashenzari_altar_1
Temple:   dshaligram_water_room_temple

Skill      XL: |  1  2  3  4  5  6  7 |
---------------+----------------------+-----
Spellcasting   | 4 5 6 7 8 |  8.2
Air Magic      | 4 5 6 |  6.6
Summonings     | 1 4 |  4.1
Dodging        | |  2.4
Stealth        | |  2.4
Conjurations   | |  1.1

Action                     |  1- 3 |  4- 6 |  7- 9 || total
---------------------------+-------+-------+-------++-------
  Melee: Unarmed           |     4 |       |       ||     4
         Punch             |     1 |       |       ||     1
         Mace              |       |     4 |       ||     4
   Cast: Shock             |    68 |   119 |    54 ||   241
         Call Imp          |       |       |     3 ||     3
    Use: Scroll            |     1 |       |       ||     1
         Potion            |       |     2 |       ||     2
 Armour: Robe              |    11 |    20 |    23 ||    54
  Dodge: Dodged            |    22 |    29 |    12 ||    63

Table legend: (Time is in decaauts)
 A = Elapsed time spent in this place.
 B = Non-inter-level travel time spent in this place.
 C = Inter-level travel time spent in this place.
 D = Time resting spent in this place.
 E = Time spent auto-exploring this place.
 F = Levels seen in this place.
 G = Mean time per level.
                   A        B        C        D        E       F      G
               +--------+--------+--------+--------+--------+-----+--------+
         Total |   5656 |   5461 |    195 |    899 |   3920 |   7 |  808.0 |
       Dungeon |   5638 |   5460 |    178 |    899 |   3920 |   6 |  939.7 |
        Temple |     17 |      1 |     16 |      0 |      0 |   1 |   17.0 |
               +--------+--------+--------+--------+--------+-----+--------+

Top non-repeatable levels by time:
     D:1: 1409 daAuts
     D:4: 1169 daAuts
     D:2: 1123 daAuts
     D:5: 815 daAuts
     D:3: 697 daAuts
     D:6: 422 daAuts
  Temple: 17 daAuts
